Map: Gresvan LE

Players

A.I. 1 (Very Easy) - Winner!

  • Race: Terran Terran
  • Spawn Location: 11:00

BudgetNeeb

  • Race: Protoss Protoss
  • League: Grandmaster
  • Spawn Location: 5:00

VOD

Have the link to the VOD?

Description

Time

  • Played on: Sept. 24, 2023, 6:12 p.m.
  • Length: 5:50
Show
View Real Time Build Order
Export as new Build Order

A.I. 1 (Very Easy) Terran - Winner!

Build Orders: Reaper Expand 

Get SALT Encoding   

  12  0:00  SCV  
  13  0:13  SCV  
  14  0:18  Supply Depot  
  14  0:42  Barracks  
  14  1:03  Command Center  
  14  1:30  Supply Depot, Orbital Command  
  14  1:31  Marine  
  15  1:36  Refinery  
  15  1:48  Refinery  
  15  1:56  SCV  
  16  2:08  SCV  
  17  2:16  Reaper  
  17  2:20  SCV  
  17  2:22  SCV  
  20  2:32  SCV  
  20  2:36  SCV  
  22  2:45  SCV  
  22  2:50  SCV, Refinery  
  24  2:58  SCV  
  25  3:02  Marine  
  25  3:05  SCV  
  27  3:12  SCV, Factory  
  27  3:36  Refinery  
  27  3:37  SCV  
  28  3:44  SCV  
  28  3:47  Marine  
  30  3:51  SCV  
  31  3:58  SCV  
  31  3:59  Starport  
  31  4:02  Supply Depot  
  32  4:06  SCV  
  32  4:13  SCV  
  33  4:20  SCV  
  34  4:27  SCV  
  35  4:33  Marine  
  35  4:34  SCV  
  37  4:38  Starport Tech Lab  
  37  4:41  SCV  
  38  4:49  SCV  
  39  4:54  Supply Depot  
  39  4:56  SCV, Raven  
  42  5:03  SCV  
  43  5:10  SCV  
  42  5:17  SCV  
  42  5:19  Marine  
  41  5:25  SCV  
  42  5:32  SCV  
  42  5:34  Supply Depot  
Show
View Real Time Build Order
Export as new Build Order

BudgetNeeb Protoss 

Build Orders: 1 Gate Expand 

Get SALT Encoding   

  12  0:00  Probe  
  13  0:12  Probe  
  14  0:17  Pylon  
  14  0:24  Probe (Chrono Boost)  
  16  0:37  Probe (Chrono Boost), Gateway  
  16  0:42  Probe (Chrono Boost)  
  16  0:46  Assimilator  
  17  0:52  Probe  
  18  1:04  Probe  
  19  1:16  Probe  
  22  1:26  Cybernetics Core  
  22  1:35  Nexus  
  22  1:39  Pylon  
  20  1:41  Probe  
  21  1:47  Assimilator  
  21  1:53  Probe  
  22  2:00  Adept (Chrono Boost)  
  22  2:04  Warp Gate  
  22  2:06  Probe  
  25  2:18  Probe  
  25  2:20  Adept (Chrono Boost)  
  26  2:28  Twilight Council  
  28  2:30  Probe  
  29  2:40  Gateway  
  30  2:45  Probe (Chrono Boost)  
  30  2:47  Probe (Chrono Boost)  
  31  2:54  Adept  
  31  2:56  Probe (Chrono Boost)  
  31  2:57  Probe (Chrono Boost)  
  35  3:01  Probe (Chrono Boost)  
  35  3:04  Resonating Glaives  
  36  3:06  Probe (Chrono Boost)  
  37  3:13  Robotics Facility  
  37  3:15  Probe (Chrono Boost)  
  39  3:24  Forge, Probe (Chrono Boost)  
  39  3:26  Probe (Chrono Boost)  
  40  3:31  Pylon, Probe x2 (Chrono Boost)  
  42  3:42  Probe  
  42  3:46  Gateway  
  43  3:50  Gateway, Protoss Ground Weapons Level 1 (Chrono Boost)  
  43  3:52  Gateway  
  43  3:55  Gateway  
  43  4:05  Warp Prism  
  45  4:12  Probe  
  45  4:13  Stalker  
  45  4:16  Stalker  
  50  4:21  Probe  
  50  4:23  Pylon  
  51  4:26  Pylon  
  52  4:33  Pylon  
  51  4:38  Adept  
  51  4:45  Observer  
  54  4:46  Adept x3  
  54  4:49  Pylon  
  62  5:06  Adept x5  
  62  5:07  Adept  
  72  5:12  Probe  
  73  5:14  Assimilator  
  73  5:26  Adept x3  
  73  5:27  Adept x2  
  83  5:29  Adept  
  83  5:32  Pylon  
  86  5:43  Pylon  
Tags
 
Add a new tag
Caveats
  • Supply blocks, unpowered buildings, or Contaminate may cause inaccurate times.
  • Supply counts are checked every 10 seconds.